 Dungeon Crawl Stone Soup version 0.31.0-12-g77e489cdc1 (webtiles) character file.

Game seed: 8249933477722634109

2179 Renzlar the Shield-Bearer (level 9, -5/74 HPs)
             Began as a Gnoll Fighter on Mar 6, 2024.
             Was a Follower of Cheibriados.
             Slain by a two-headed ogre
             ... wielding a +0 giant spiked club
              (18 damage)
             ... on level 8 of the Dungeon.
             The game lasted 00:22:12 (5404 turns).

Renzlar the Shield-Bearer (Gnoll Fighter)           Turns: 5404, Time: 00:22:12

Health: -5/74      AC: 10    Str: 22    XL:     9   Next: 33%
Magic:  13/15      EV: 12    Int: 12    God:    Cheibriados [*.....]
Gold:   306        SH:  7    Dex: 20    Spells: 7/16 levels left

rFire   + . .        a - +0 war axe (venom)
rCold   . . .        c - +0 buckler
rNeg    . . .        b - +1 scale mail
rPois   .            i - +0 helmet
rElec   .            (no cloak)
rCorr   .            (no gloves)
SInv    .            (no boots)
Will    .....        (no amulet)
Stlth   ++           p - +6 ring of dexterity
HPRegen 0.32/turn    m - ring of protection from fire
MPRegen 0.14/turn

%: no passive effects
@: fugue, very slow
A: fangs 1, strong nose, distributed training
a: Renounce Religion, Bend Time


You were on level 8 of the Dungeon.
You worshipped Cheibriados.
Cheibriados was aware of your devotion.
You visited 2 branches of the dungeon, and saw 9 of its levels.

You collected 306 gold pieces.

Inventory:

Hand Weapons
 a - a +0 war axe of venom (weapon)
 v - a +2 dagger of venom
Missiles
 k - 8 poisoned darts (quivered)
Armour
 b - a +1 scale mail (worn)
 c - a +0 buckler (worn)
 f - a +0 plate armour
 i - a +0 helmet (worn)
Jewellery
 j - a ring of magical power
 m - a ring of protection from fire (right hand)
 p - a +6 ring of dexterity (left hand)
 u - a ring of see invisible
Talismans
 l - a flux talisman
Wands
 n - a wand of iceblast (10)
 t - a wand of flame (15)
Scrolls
 e - 3 scrolls of identify
 o - 3 scrolls of teleportation
 s - 2 scrolls of vulnerability
Potions
 d - a potion of might
 g - 4 potions of curing
 h - 4 potions of invisibility
 q - 4 potions of enlightenment
 r - a potion of heal wounds


   Skills:
 + Level 7.9 Fighting
 + Level 4.3 Short Blades
 + Level 4.3 Long Blades
 + Level 6.3 Axes
 + Level 4.3 Maces & Flails
 + Level 4.3 Polearms
 + Level 4.3 Staves
 + Level 4.3 Ranged Weapons
 + Level 4.3 Throwing
 + Level 7.9 Armour
 + Level 4.3 Dodging
 + Level 4.3 Stealth
 + Level 7.9 Shields
 + Level 4.3 Unarmed Combat
 + Level 4.3 Spellcasting
 + Level 3.5 Conjurations
 + Level 3.5 Hexes
 + Level 3.5 Summonings
 + Level 3.5 Necromancy
 + Level 3.5 Translocations
 + Level 3.5 Fire Magic
 + Level 3.5 Ice Magic
 + Level 3.5 Air Magic
 + Level 3.5 Earth Magic
 + Level 3.5 Alchemy
 + Level 4.7 Invocations
 + Level 4.3 Evocations
 + Level 3.9 Shapeshifting


You had 7 spell levels left.
You knew the following spells:

 Your Spells              Type           Power      Damage    Failure   Level
a - Ozocubu's Armour      Ice            11%        N/A       38%         3
b - Frozen Ramparts       Ice            22%        1d4       38%         3
c - Fugue of the Fallen   Necr           11%        N/A       38%         3

Your spell library contained the following spells:

 Spells                   Type           Power      Damage    Failure   Level
 Freeze                   Ice            44%        1d6       14%         1
 Hailstorm                Conj/Ice       11%        3d6       38%         3
 Tukima's Dance           Hex            11%        N/A       38%         3
 Manifold Assault         Tloc           11%        N/A       80%         4
 Passage of Golubria      Tloc           11%        N/A       80%         4
 Metabolic Englaciation   Hex/Ice        5%         N/A       98%         5
 Yara's Violent Unravell  Hex/Alch       5%         3d4       98%         5
 Sculpt Simulacrum        Ice/Alch       5%         N/A       100%        6


Dungeon Overview and Level Annotations

Branches:
Dungeon (8/15)             Temple (1/1) D:5
   Lair: D:8-11

Altars:
Ashenzari
Cheibriados
Dithmenos
Elyvilon
Fedhas
Gozag
Hepliaklqana
Kikubaaqudgha
Makhleb
Nemelex Xobeh
Okawaru
Qazlal
Ru
Sif Muna
Trog
Uskayaw
Vehumet
Wu Jian
Xom
Yredelemnul
Zin
The Shining One

Shops:
D:5 =


Innate Abilities, Weirdness & Mutations

You have very sharp teeth.
Your uncanny sense of smell can sniff out nearby items.
Your experience applies equally to all skills.


Message History

Cast which spell? (? or * to list)
Okay, then.
This spell is dangerous to cast!
You start memorising the spell.
You continue memorising. x3
You finish memorising.
Spell assigned to 'c'.
Found a dagger.
You see here a +0 dagger.
Found a stone staircase leading up.
Done exploring.
You see here a +0 dagger.
There is a stone staircase leading down here.
You climb downwards.
Found 4 stones.
There is a stone staircase leading up here.
A two-headed ogre comes into view.
It is wielding a +0 giant spiked club and a +0 giant club.
Found a shortbow.
The two-headed ogre shouts in stereo!
Found 14 gold pieces.
Cast which spell? (? or * to list)
You call out to the remnants of the fallen!
You hit the two-headed ogre but do no damage.
The two-headed ogre is poisoned.
You bite the two-headed ogre, but do no damage.
The two-headed ogre hits you with a +0 giant spiked club!!
You block the two-headed ogre's attack.
Unknown command.
You slash the two-headed ogre!
The two-headed ogre looks even sicker.
The two-headed ogre is lightly wounded.
The two-headed ogre hits you with a +0 giant spiked club!!
The two-headed ogre barely misses you.
Unknown command.
You slash the two-headed ogre!
The two-headed ogre looks as sick as possible!
You bite the two-headed ogre, but do no damage.
The two-headed ogre is heavily wounded.
The two-headed ogre hits you with a +0 giant spiked club!
* * * LOW HITPOINT WARNING * * *
The two-headed ogre barely misses you.
The two-headed ogre hits you with a +0 giant spiked club!!
You die...

...# ∆......
#..###.##.#
###(.#......##
#..#.#.#....$.
#..#...#...)#
#<.#........#
######.##.#.#....#
...........#O#
.....
...####.####@#
..## ...# #.# ...
#..... ..# .#
#.#### #### # #. #
∆


You could see a two-headed ogre (very poisoned).

Vanquished Creatures
  Sigmund (D:4)
  A sky beast (D:7)
  3 black bears
  3 ice beasts
  An orc warrior (D:4)
  2 ogres
  2 bullfrogs (D:6)
  2 orc priests
  4 bombardier beetles
  3 hounds
  6 iguanas
  A jelly (D:4)
  3 sleepcaps
  Natasha (thrice) (D:2)
  6 orc wizards
  3 gnolls (D:5)
  8 adders
  2 river rats (D:4)
  A dart slug (D:1)
  19 orcs
  6 bats
  7 endoplasms
  A giant cockroach (D:1)
  5 hobgoblins
  6 jackals
  7 kobolds
  3 quokkas
  8 ball pythons
  A frilled lizard (D:1)
  7 goblins
  6 rats
131 creatures vanquished.

Notes
Turn   | Place    | Note
-------+----------+-------------------------------------------
     0 | D:1      | Renzlar the Gnoll Fighter began the quest for the Orb.
     0 | D:1      | Reached XP level 1. HP: 23/23 MP: 1/1
   310 | D:1      | Reached XP level 2. HP: 28/29 MP: 2/2
   582 | D:1      | Reached XP level 3. HP: 31/35 MP: 3/3
   609 | D:1      | Learned a level 3 spell: Ozocubu's Armour
   883 | D:2      | Reached skill level 1 in Invocations
  1040 | D:2      | Reached skill level 1 in Short Blades
  1040 | D:2      | Reached skill level 1 in Long Blades
  1040 | D:2      | Reached skill level 1 in Maces & Flails
  1040 | D:2      | Reached skill level 1 in Polearms
  1040 | D:2      | Reached skill level 1 in Staves
  1040 | D:2      | Reached skill level 1 in Ranged Weapons
  1040 | D:2      | Reached skill level 1 in Throwing
  1040 | D:2      | Reached skill level 1 in Dodging
  1040 | D:2      | Reached skill level 1 in Stealth
  1040 | D:2      | Reached skill level 1 in Unarmed Combat
  1040 | D:2      | Reached skill level 1 in Spellcasting
  1040 | D:2      | Reached skill level 1 in Evocations
  1088 | D:2      | Noticed Natasha
  1094 | D:2      | Killed Natasha
  1095 | D:2      | Reached skill level 1 in Shapeshifting
  1095 | D:2      | Reached XP level 4. HP: 36/41 MP: 5/5
  1095 | D:2      | Noticed Natasha
  1103 | D:2      | Killed Natasha
  1104 | D:2      | Reached skill level 1 in Conjurations
  1104 | D:2      | Reached skill level 1 in Hexes
  1104 | D:2      | Reached skill level 1 in Summonings
  1104 | D:2      | Reached skill level 1 in Necromancy
  1104 | D:2      | Reached skill level 1 in Translocations
  1104 | D:2      | Reached skill level 1 in Fire Magic
  1104 | D:2      | Reached skill level 1 in Ice Magic
  1104 | D:2      | Reached skill level 1 in Air Magic
  1104 | D:2      | Reached skill level 1 in Earth Magic
  1104 | D:2      | Reached skill level 1 in Alchemy
  1283 | D:2      | Noticed Natasha
  1289 | D:2      | Killed Natasha
  1290 | D:2      | Reached XP level 5. HP: 35/47 MP: 5/7
  1918 | D:3      | Reached XP level 6. HP: 31/53 MP: 8/8
  2210 | D:4      | Reached skill level 5 in Axes
  2299 | D:4      | Noticed an orc warrior
  2316 | D:4      | Killed an orc warrior
  2365 | D:4      | Reached XP level 7. HP: 47/60 MP: 10/10
  2674 | D:4      | Noticed Sigmund
  2685 | D:4      | Killed Sigmund
  2801 | D:4      | Reached XP level 8. HP: 60/67 MP: 12/12
  2962 | D:5      | Entered Level 5 of the Dungeon
  3117 | D:5      | Found an opulent altar of Gozag.
  3135 | D:5      | Learned a level 3 spell: Frozen Ramparts
  3183 | D:5      | Found Zydifaf's One-of-a-Kind Rings.
  3273 | D:5      | Found a staircase to the Ecumenical Temple.
  3294 | Temple   | Entered the Ecumenical Temple
  3347 | Temple   | Became a worshipper of Cheibriados the Contemplative
  4187 | D:6      | Reached XP level 9. HP: 43/73 MP: 14/14
  4388 | D:6      | Reached * piety under Cheibriados
  5277 | D:7      | Learned a level 3 spell: Fugue of the Fallen
  5392 | D:8      | Noticed a two-headed ogre
  5404 | D:8      | Slain by a two-headed ogre

Illustrated notes

Levels and vault maps discovered:
D:1:      lemuel_arrival_cross, layout_basic, serial_corexii_hall,
          corexii_hall_statues_x, corexii_hall_statues_l,
          chequers_hall_statues_wall_a, chequers_hall_statues_wall_a,
          chequers_mini_garden, nrook_mini_backslash, patterned_corridor
D:2:      layout_basic, uniq_natasha
D:3:      layout_basic
D:4:      layout_basic, portal_sewer_entry_c, nicolae_letterblocks
          [nicolae_letter_subblock, nicolae_letter_subblock,
          nicolae_letter_subblock, nicolae_letter_subblock,
          nicolae_letter_subblock, nicolae_letter_subblock,
          nicolae_letter_subblock, nicolae_letter_subblock,
          nicolae_letter_subblock, nicolae_letter_subblock,
          nicolae_letter_subblock, nicolae_letter_subblock,
          nicolae_letter_subblock, nicolae_letter_subblock,
          nicolae_letter_subblock, nicolae_letter_subblock,
          nicolae_letter_subblock, nicolae_letter_subblock,
          nicolae_letter_subblock, nicolae_letter_subblock,
          nicolae_letter_subblock, nicolae_letter_subblock,
          nicolae_letter_subblock, nicolae_letter_subblock,
          nicolae_letter_subblock], uniq_sigmund
D:5:      layout_basic, lemuel_tele_altar, minmay_temple_entry_hall,
          serial_curves, eino_curves_01, eino_curves_03,
          nicolae_shop_unique_rings
D:6:      layout_loops_cross, lightli_ossuary_entry_decrepit_ruins,
          kennysheep_donut
D:7:      layout_basic
D:8:      layout_basic, lair_entry_dummy, minmay_shop_damaged
Temple:   minmay_crystal_snake_temple

Skill      XL: |  1  2  3  4  5  6  7  8  9 |
---------------+----------------------------+-----
Invocations    | 1 2 3 4 |  4.7
Short Blades   | 1 2 3 4 |  4.3
Long Blades    | 1 2 3 4 |  4.3
Maces & Flails | 1 2 3 4 |  4.3
Polearms       | 1 2 3 4 |  4.3
Staves         | 1 2 3 4 |  4.3
Ranged Weapons | 1 2 3 4 |  4.3
Throwing       | 1 2 3 4 |  4.3
Dodging        | 1 2 3 4 |  4.3
Stealth        | 1 2 3 4 |  4.3
Unarmed Combat | 1 2 3 4 |  4.3
Spellcasting   | 1 2 3 4 |  4.3
Evocations     | 1 2 3 4 |  4.3
Shapeshifting  | 1 2 3 |  3.9
Conjurations   | 1 2 3 |  3.5
Hexes          | 1 2 3 |  3.5
Summonings     | 1 2 3 |  3.5
Necromancy     | 1 2 3 |  3.5
Translocations | 1 2 3 |  3.5
Fire Magic     | 1 2 3 |  3.5
Ice Magic      | 1 2 3 |  3.5
Air Magic      | 1 2 3 |  3.5
Earth Magic    | 1 2 3 |  3.5
Alchemy        | 1 2 3 |  3.5
Axes           | 5 6 |  6.3
Fighting       | 7 |  7.9
Armour         | 7 |  7.9
Shields        | 7 |  7.9

Action                     |  1- 3 |  4- 6 |  7- 9 || total
---------------------------+-------+-------+-------++-------
  Melee: War axe           |    82 |    69 |   211 ||   362
         Bite              |     3 |     5 |    30 ||    38
  Throw: Dart              |       |     6 |     2 ||     8
   Cast: Fugue of the Fall |       |       |     1 ||     1
    Use: Scroll            |     8 |     5 |     7 ||    20
   Stab: Distracted        |       |     1 |       ||     1
 Armour: Plate armour      |    68 |    58 |   178 ||   304
         Scale mail        |     2 |       |     4 ||     6
  Dodge: Dodged            |    23 |    27 |    41 ||    91
  Block: Buckler           |    16 |    24 |    64 ||   104
